cohdb
Replays
Latest Replays
All Replays
Popular Replays
Top Player Replays
Match Explorer
How It Works
Community
CoH3 Stats
Reddit
Sign in to upload your games and track your stats! →
Sign in with Steam
Match 43456487
Unlisted
Match 43456487
Overview
Messages
Build Orders
End
Kradschützen Motorcycle Team
Panzergrenadier Squad
Panzergrenadier Squad
Construct Light Support Kompanie
Assault Grenadier Squad
Fire Support Elements
Flakvierling Half-track
Pak 38 Anti-tank Gun Team
Selects Panzerjäger Kommand Battlegroup
Selects Mine Fields
Selects Tank Busters
2.5-tonne Medical Truck
Veteran Squad Leaders
Construct Panzerarmee Kommand
Selects Early Warning
Selects Butterfly Bomb Drop
Walking Stuka Rocket Launcher
Armored Reserves
Butterfly Bomb Drop
Ryan
mariopl97
JBQuib
Cpt Darling
Drozdy3
Hajtunio
Gonsiorr
Feldwebel21
0
0
Comments
sign in to comment!
No comments posted yet!